[ AOE2 MATCH · #488339773 ]
UnrankedMongols vs Chinese
Player's team · WIN
Rival team · LOSS
[ REPLAY ANALYSIS · EXTRACTED FROM THE RECORDED GAME ]
Feudal
7:40
Castle
24:51
Imperial
—
| APM avg | 58.2 |
| APM peak | 91 |
| eAPM avg | 30.2 |
| Villagers / military | 74 / 53 |
Focus
⚔️ 36.7% · 🌾 63.3%
Scout Cavalry ×34 · Knight ×5 · Skirmisher ×5 · Scorpion ×4 · Camel Scout ×2 · Archer ×1
Feudal
9:13
Castle
23:48
Imperial
—
| APM avg | 41.5 |
| APM peak | 85 |
| eAPM avg | 19.1 |
| Villagers / military | 59 / 61 |
Focus
⚔️ 42.6% · 🌾 57.4%
Archer ×50 · Scout Cavalry ×6 · Spearman ×3 · Knight ×2
Match map
Initial resources + every placement click. Lines = walls · curves = elevation contours. ◆ gold · ⬟ stone · ● berries · ✦ relic · ◌ wall gap
Your base· Open — unwalled flank
Scribey's base· Open — 5t gap
Smoothed initial terrain · ◌ = detected wall gap · hover for details
Inputs per minute
— HellionBlue - - Scribey
Build order — HellionBlue
First 150 of 224 actions detected
| 0:01 | Create | Villager (Male) |
| 0:01 | Create | Villager (Male) |
| 0:02 | Build | House |
| 0:02 | Create | Villager (Male) |
| 0:03 | Create | Villager (Male) |
| 0:04 | Build | House |
| 1:25 | Create | Villager (Male) |
| 1:54 | Create | Villager (Male) |
| 1:54 | Create | Villager (Male) |
| 2:10 | Build | Lumber Camp |
| 2:16 | Create | Villager (Male) |
| 2:17 | Create | Villager (Male) |
| 2:17 | Create | Villager (Male) |
| 2:39 | Build | House |
| 2:45 | Create | Villager (Male) |
| 2:45 | Create | Villager (Male) |
| 2:45 | Create | Villager (Male) |
| 3:21 | Create | Villager (Male) |
| 3:21 | Create | Villager (Male) |
| 4:37 | Build | Mill |
| 5:03 | Create | Villager (Male) |
| 5:30 | Research | Feudal Age |
| 5:30 | Research | Feudal Age |
| 6:15 | Build | House |
| 6:27 | Research | Loom |
| 6:27 | Create | Villager (Male) |
| 6:52 | Build | Barracks |
| 7:12 | Build | House |
| 7:40 | Age | Feudal Age |
| 7:50 | Build | Stable |
| 7:58 | Create | Villager (Male) |
| 8:22 | Research | Double-Bit Axe |
| 8:26 | Create | Villager (Male) |
| 8:39 | Create | Scout Cavalry |
| 8:39 | Create | Scout Cavalry |
| 8:50 | Create | Villager (Male) |
| 8:52 | Build | House |
| 8:54 | Build | Palisade Wall |
| 9:35 | Create | Spearman |
| 9:37 | Create | Villager (Male) |
| 9:40 | Build | House |
| 10:02 | Create | Villager (Male) |
| 10:06 | Build | Archery Range |
| 10:18 | Create | Villager (Male) |
| 10:30 | Create | Villager (Male) |
| 10:46 | Build | House |
| 11:07 | Create | Scout Cavalry |
| 11:11 | Build | Farm |
| 11:12 | Build | Farm |
| 11:18 | Create | Villager (Male) |
| 11:22 | Build | Mining Camp |
| 11:36 | Create | Villager (Male) |
| 11:38 | Create | Archer |
| 11:55 | Build | Lumber Camp |
| 12:08 | Create | Villager (Male) |
| 12:15 | Create | Skirmisher |
| 12:19 | Create | Villager (Male) |
| 12:34 | Create | Skirmisher |
| 12:36 | Create | Villager (Male) |
| 12:40 | Build | Farm |
| 12:41 | Build | Farm |
| 12:41 | Build | Farm |
| 12:56 | Build | House |
| 12:57 | Build | Palisade Wall |
| 13:28 | Create | Villager (Male) |
| 13:28 | Create | Villager (Male) |
| 13:33 | Create | Villager (Male) |
| 13:42 | Build | Market |
| 13:46 | Create | Skirmisher |
| 13:47 | Create | Villager (Male) |
| 13:52 | Build | House |
| 13:53 | Build | House |
| 13:54 | Build | House |
| 13:56 | Create | Villager (Male) |
| 14:11 | Create | Skirmisher |
| 14:18 | Build | Farm |
| 14:18 | Build | Farm |
| 14:32 | Create | Villager (Male) |
| 14:46 | Build | Blacksmith |
| 14:54 | Research | Wheelbarrow |
| 14:54 | Create | Villager (Male) |
| 15:10 | Create | Villager (Male) |
| 15:11 | Build | Farm |
| 15:12 | Build | Farm |
| 15:12 | Build | Farm |
| 15:19 | Create | Scout Cavalry |
| 15:32 | Create | Skirmisher |
| 16:21 | Create | Villager (Male) |
| 16:24 | Build | Farm |
| 16:24 | Build | Farm |
| 16:24 | Build | Farm |
| 16:49 | Create | Villager (Male) |
| 16:52 | Build | Farm |
| 16:52 | Build | Farm |
| 16:53 | Build | Farm |
| 16:53 | Build | Farm |
| 17:17 | Build | Farm |
| 17:17 | Build | Farm |
| 17:41 | Create | Villager (Male) |
| 18:04 | Build | Farm |
| 18:04 | Build | Farm |
| 18:06 | Build | Farm |
| 18:14 | Create | Villager (Male) |
| 18:21 | Build | Lumber Camp |
| 18:33 | Create | Scout Cavalry |
| 18:37 | Build | Stable |
| 18:55 | Create | Scout Cavalry |
| 18:56 | Create | Scout Cavalry |
| 18:58 | Research | Scale Barding Armor |
| 19:06 | Create | Scout Cavalry |
| 19:11 | Create | Villager (Male) |
| 19:12 | Create | Villager (Male) |
| 19:15 | Build | Farm |
| 19:16 | Research | Horse Collar |
| 19:19 | Build | Farm |
| 19:30 | Create | Scout Cavalry |
| 19:49 | Create | Villager (Male) |
| 19:52 | Build | Farm |
| 19:52 | Build | Farm |
| 20:00 | Create | Scout Cavalry |
| 20:00 | Create | Scout Cavalry |
| 20:00 | Create | Scout Cavalry |
| 20:01 | Create | Scout Cavalry |
| 20:24 | Create | Villager (Male) |
| 20:45 | Create | Villager (Male) |
| 20:49 | Build | House |
| 20:53 | Build | Palisade Wall |
| 20:55 | Build | Palisade Wall |
| 20:56 | Build | Palisade Wall |
| 21:11 | Build | Farm |
| 21:16 | Build | Farm |
| 21:17 | Create | Villager (Male) |
| 21:28 | Build | Palisade Wall |
| 21:29 | Build | Palisade Gate |
| 21:46 | Create | Villager (Male) |
| 22:08 | Research | Castle Age |
| 22:08 | Research | Castle Age |
| 22:43 | Research | Bloodlines |
| 22:43 | Research | Bloodlines |
| 22:54 | Research | Forging |
| 23:19 | Create | Scout Cavalry |
| 23:19 | Create | Scout Cavalry |
| 23:24 | Create | Scout Cavalry |
| 23:24 | Create | Scout Cavalry |
| 23:31 | Build | House |
| 23:32 | Build | House |
| 23:33 | Build | House |
| 23:54 | Create | Scout Cavalry |
| 24:26 | Create | Villager (Male) |
| 24:27 | Create | Villager (Male) |
Build order — Scribey
First 150 of 198 actions detected
| 0:08 | Research | Loom |
| 0:46 | Create | Villager (Male) |
| 1:11 | Create | Villager (Male) |
| 1:43 | Create | Villager (Male) |
| 1:46 | Build | Lumber Camp |
| 2:01 | Create | Villager (Male) |
| 2:35 | Create | Villager (Male) |
| 2:55 | Create | Villager (Male) |
| 3:36 | Create | Villager (Male) |
| 3:49 | Build | House |
| 3:50 | Build | House |
| 3:57 | Create | Villager (Male) |
| 4:22 | Create | Villager (Male) |
| 4:22 | Create | Villager (Male) |
| 4:29 | Build | Mill |
| 5:10 | Create | Villager (Male) |
| 5:10 | Create | Villager (Male) |
| 5:11 | Create | Villager (Male) |
| 5:12 | Create | Villager (Male) |
| 5:12 | Create | Villager (Male) |
| 7:03 | Research | Feudal Age |
| 7:40 | Build | Barracks |
| 8:43 | Create | Villager (Male) |
| 8:51 | Build | Palisade Wall |
| 8:53 | Build | Palisade Wall |
| 8:54 | Build | Palisade Wall |
| 9:07 | Build | Palisade Wall |
| 9:09 | Build | Palisade Wall |
| 9:13 | Age | Feudal Age |
| 9:19 | Build | Archery Range |
| 9:21 | Create | Spearman |
| 9:57 | Build | Mining Camp |
| 10:05 | Create | Spearman |
| 10:24 | Create | Villager (Male) |
| 10:25 | Create | Villager (Male) |
| 10:41 | Create | Spearman |
| 10:54 | Build | House |
| 10:56 | Build | House |
| 10:59 | Create | Villager (Male) |
| 11:07 | Create | Archer |
| 11:13 | Research | Double-Bit Axe |
| 11:40 | Create | Villager (Male) |
| 11:41 | Create | Archer |
| 11:53 | Create | Villager (Male) |
| 12:09 | Create | Archer |
| 12:34 | Build | Blacksmith |
| 12:35 | Create | Villager (Male) |
| 12:37 | Create | Archer |
| 12:55 | Build | Palisade Wall |
| 13:01 | Build | House |
| 13:02 | Build | Palisade Wall |
| 13:08 | Create | Archer |
| 13:31 | Research | Fletching |
| 13:32 | Create | Villager (Male) |
| 13:35 | Build | Farm |
| 13:36 | Build | Farm |
| 13:38 | Build | Farm |
| 13:39 | Build | Farm |
| 13:40 | Build | Farm |
| 13:57 | Build | Palisade Wall |
| 14:05 | Build | Farm |
| 14:09 | Create | Villager (Male) |
| 14:09 | Create | Villager (Male) |
| 14:11 | Create | Archer |
| 14:30 | Create | Villager (Male) |
| 14:37 | Build | Farm |
| 14:40 | Build | Farm |
| 14:53 | Research | Horse Collar |
| 14:58 | Create | Villager (Male) |
| 15:11 | Create | Archer |
| 15:27 | Build | Stable |
| 15:39 | Create | Villager (Male) |
| 15:44 | Create | Archer |
| 15:58 | Build | House |
| 16:00 | Build | House |
| 16:06 | Research | Wheelbarrow |
| 16:25 | Build | Lumber Camp |
| 16:47 | Create | Archer |
| 16:47 | Create | Archer |
| 16:48 | Create | Scout Cavalry |
| 17:11 | Create | Villager (Male) |
| 17:22 | Create | Archer |
| 17:26 | Create | Scout Cavalry |
| 17:48 | Create | Villager (Male) |
| 17:55 | Create | Archer |
| 17:56 | Create | Scout Cavalry |
| 17:57 | Create | Villager (Male) |
| 18:06 | Build | Farm |
| 18:07 | Build | Farm |
| 18:08 | Build | Farm |
| 18:10 | Build | Farm |
| 18:31 | Create | Villager (Male) |
| 18:44 | Create | Villager (Male) |
| 18:49 | Build | Farm |
| 18:50 | Create | Archer |
| 18:50 | Create | Archer |
| 19:03 | Create | Villager (Male) |
| 19:16 | Build | Market |
| 19:19 | Build | House |
| 19:38 | Create | Villager (Male) |
| 19:48 | Create | Archer |
| 20:25 | Create | Archer |
| 20:28 | Create | Villager (Male) |
| 21:08 | Research | Castle Age |
| 21:08 | Research | Castle Age |
| 21:11 | Create | Archer |
| 21:14 | Build | Archery Range |
| 21:16 | Build | Palisade Wall |
| 21:22 | Build | Palisade Wall |
| 21:30 | Research | Padded Archer Armor |
| 21:54 | Research | Gold Mining |
| 22:01 | Create | Scout Cavalry |
| 22:05 | Create | Archer |
| 22:05 | Create | Archer |
| 22:42 | Create | Archer |
| 22:43 | Create | Archer |
| 22:44 | Create | Archer |
| 22:44 | Create | Archer |
| 23:00 | Build | Palisade Wall |
| 23:03 | Build | House |
| 23:06 | Build | Palisade Wall |
| 23:23 | Create | Archer |
| 23:23 | Create | Archer |
| 23:23 | Create | Villager (Male) |
| 23:24 | Create | Scout Cavalry |
| 23:25 | Create | Scout Cavalry |
| 23:28 | Create | Villager (Male) |
| 23:39 | Build | Farm |
| 23:48 | Age | Castle Age |
| 23:52 | Research | Crossbowman (upgrade) |
| 24:13 | Research | Bodkin Arrow |
| 24:15 | Research | Bow Saw |
| 24:26 | Create | Archer |
| 24:26 | Create | Archer |
| 24:38 | Create | Villager (Male) |
| 24:48 | Build | Town Center |
| 25:07 | Create | Villager (Male) |
| 25:08 | Create | Villager (Male) |
| 25:09 | Create | Archer |
| 25:09 | Create | Archer |
| 25:15 | Build | House |
| 25:16 | Build | House |
| 25:17 | Build | House |
| 25:21 | Build | House |
| 25:25 | Research | Town Watch |
| 25:25 | Create | Villager (Male) |
| 25:56 | Create | Archer |
| 25:56 | Create | Archer |
| 26:06 | Research | Leather Archer Armor |
| 26:35 | Create | Villager (Male) |
Match timeline
| 6:52 | HellionBlue · first_building Barracks |
| 7:40 | Scribey · first_building Barracks |
| 7:40 | HellionBlue · age_up feudal |
| 7:50 | HellionBlue · first_building Stable |
| 8:51 | Scribey · wall_segment Palisade Wall x2 |
| 8:53 | Scribey · wall_segment Palisade Wall x2 |
| 8:54 | Scribey · wall_segment Palisade Wall x1 |
| 8:54 | HellionBlue · wall_segment Palisade Wall x8 |
| 9:07 | Scribey · wall_segment Palisade Wall x1 |
| 9:09 | Scribey · wall_segment Palisade Wall x1 |
| 9:13 | Scribey · age_up feudal |
| 9:19 | Scribey · first_building Archery Range |
| 10:06 | HellionBlue · first_building Archery Range |
| 12:55 | Scribey · wall_segment Palisade Wall x6 |
| 12:57 | HellionBlue · wall_segment Palisade Wall x6 |
| 13:02 | Scribey · wall_segment Palisade Wall x1 |
| 13:57 | Scribey · wall_segment Palisade Wall x7 |
| 15:27 | Scribey · first_building Stable |
| 20:53 | Scribey · first_market_sell 100 wood |
| 20:53 | HellionBlue · wall_segment Palisade Wall x20 |
| 20:53 | Scribey · first_market_buy 100 food |
| 20:55 | HellionBlue · wall_segment Palisade Wall x9 |
| 20:56 | HellionBlue · wall_segment Palisade Wall x6 |
| 21:16 | Scribey · wall_segment Palisade Wall x1 |
| 21:22 | Scribey · wall_segment Palisade Wall x5 |
| 21:28 | HellionBlue · wall_segment Palisade Wall x9 |
| 23:00 | Scribey · wall_segment Palisade Wall x1 |
| 23:06 | Scribey · wall_segment Palisade Wall x1 |
| 23:48 | Scribey · age_up castle |
| 24:51 | HellionBlue · age_up castle |
| 25:08 | HellionBlue · first_building Siege Workshop |
| 28:46 | HellionBlue · wall_segment Palisade Wall x6 |
| 30:11 | HellionBlue · first_building Monastery |
| 30:43 | HellionBlue · wall_segment Palisade Wall x17 |
| 30:45 | HellionBlue · wall_segment Palisade Wall x11 |
| 31:06 | Scribey · resign |
[ AI ANALYSIS · 1 CREDIT ]
What really happened in this match?
Wolo.gg analyzes every decision: build order, eco, micro, common mistakes by bracket. Personalized analysis on WhatsApp or Discord in 30 seconds.
Civ guide
Mongols
Perfil
HellionBlue